 Dungeon Crawl Stone Soup version 0.16.1-17-g773cdaf (webtiles) character file.

103 Shoikan the Cudgeler (level 4, -3/39 HPs)
             Began as a Minotaur Berserker on Apr 21, 2015.
             Was a Believer of Trog.
             Killed from afar by an orc wizard (13 damage)
             ... with a puff of flame
             ... on level 3 of the Dungeon.
             The game lasted 00:07:17 (1546 turns).

Shoikan the Cudgeler (Minotaur Berserker)           Turns: 1546, Time: 00:07:17

Health: -3/39      AC: 10    Str: 21    XL:     4   Next: 51%
Magic:  11/11      EV:  6    Int:  5    God:    Trog [**....]
Gold:   63         SH:  0    Dex: 10    Spells: 0 memorised, 3 levels left

rFire  . . .     SeeInvis .     a - +0 mace
rCold  . . .     Clarity  .     h - +0 plate armour
rNeg   . . .     SustAb   .     (no shield)
rPois  .         Gourm    .     (helmet restricted)
rElec  .         Spirit   .     (no cloak)
rCorr  .         Warding  .     (no gloves)
rMut   .         Stasis   .     (no boots)
MR     .....                    (no amulet)
Stlth  ..........               (no ring)
                                g - ring of magical power

@: confused, drained, not resistant to hostile enchantments, extremely
unstealthy
A: retaliatory headbutt, horns 2
a: Burn Spellbooks, Berserk, Trog's Hand, Renounce Religion


You were on level 3 of the Dungeon.
You worshipped Trog.
Trog was pleased with you.
You were very hungry.

You visited 1 branch of the dungeon, and saw 3 of its levels.

You collected 63 gold pieces.

Inventory:

Hand weapons
 a - a +0 mace (weapon)
Armour
 f - a +0 ring mail
 h - a +0 plate armour (worn)
Jewellery
 g - a ring of magical power (left hand)
Scrolls
 i - a scroll of immolation {unknown}
 k - a scroll of identify {unknown}
Potions
 d - a potion of invisibility {unknown}
 e - a potion of agility {unknown}
 l - a potion of restore abilities {unknown}
 m - 3 potions of curing {unknown}
 n - a potion of cure mutation {unknown}
Comestibles
 b - 2 meat rations
 c - a bread ration
 j - a royal jelly
 p - a beef jerky


   Skills:
 - Level 3.6(2.8) Fighting
 + Level 6.3(5.5) Maces & Flails
 - Level 2.4(1.7) Armour
 - Level 2.1(1.4) Dodging
 + Level 0.6(0.0) Stealth


You had 3 spell levels left.
You didn't know any spells.

Dungeon Overview and Level Annotations

Branches:
Dungeon (3/15)

Altars:
Sif Muna


Innate Abilities, Weirdness & Mutations

You reflexively headbutt those who attack you in melee.
You have a pair of horns on your head.


Message History

You miss something. Something hits you but does no damage. Something hits you.
You miss something. Something hits you.
You hit something. Something hits you but does no damage.
You closely miss something.
You hear some strange, mumbled words.
The puff of flame hits you!
You hit something but do no damage.
You hear some strange, mumbled words.
You are confused.
You hear some strange, mumbled words.
You are more confused.
The puff of flame hits you!
You bump into the rock wall.
Something hits you but does no damage.
You hear some strange, mumbled words.
The magic dart hits you!
* * * LOW HITPOINT WARNING * * *
You bump into the rock wall.
You hear some strange, mumbled words.
The puff of flame hits you!
You die...

#..!..#
#.......
#.....#
##.....#
#.....#
##...## #
#.....# ##'##
#. #.....# #.#
#.###.##.# #.#
#....))..#
##.##
###.#.#.######
##...##
#.##@.......#
#.....#
##.###.####.#
##...##
##.#.## #.#
##.### ##.##
#.#####.###
###
#.......<..
#######.###
#.# #.# #.#


There were no monsters in sight!

Vanquished Creatures
  Jessica (D:2)
  Terence (D:2)
  Robin (D:2)
  An adder (D:2)
  A worm (D:2)
  A giant gecko (D:2)
  2 orcs (D:3)
  5 bats
  17 goblins
  6 hobgoblins
  2 kobolds (D:1)
  A ball python (D:2)
  A giant cockroach (D:1)
  3 giant newts
  5 rats
48 creatures vanquished.

Notes
Turn   | Place    | Note
--------------------------------------------------------------
     0 | D:1      | Shoikan, the Minotaur Berserker, began the quest for the Orb.
     0 | D:1      | Reached XP level 1. HP: 19/19 MP: 1/1
    81 | D:1      | Reached skill level 4 in Maces & Flails
   181 | D:1      | Reached XP level 2. HP: 21/26 MP: 1/1
   459 | D:1      | Acquired Trog's second power
   558 | D:2      | Noticed Robin
   562 | D:2      | Killed Robin
   562 | D:2      | Reached skill level 5 in Maces & Flails
   562 | D:2      | Reached XP level 3. HP: 31/31 MP: 2/2
   814 | D:2      | Found a deep blue altar of Sif Muna.
   839 | D:2      | Noticed Terence
   850 | D:2      | Killed Terence
   850 | D:2      | Reached XP level 4. HP: 39/39 MP: 2/2
  1234 | D:2      | Reached skill level 6 in Maces & Flails
  1296 | D:2      | Noticed Jessica
  1308 | D:2      | Killed Jessica
  1546 | D:3      | Killed from afar by an orc wizard

Action                   |  1- 3 |  4- 6 || total
-------------------------+-------+-------++-------
Melee: Mace              |    89 |    33 ||   122
Invok: Trog's Hand       |     2 |       ||     2
       Berserk           |     1 |       ||     1
  Eat: Chunk             |     1 |     1 ||     2
